 Dungeon Crawl Stone Soup version 0.29.1 (webtiles) character file.

Game seed: 12648063604473524085

520 qw the Chopper (level 7, -3/43 HPs)
             Began as a Gargoyle Fighter on Sept 13, 2022.
             Was an Initiate of Okawaru.
             Killed by nerve-wracking pain
             ... invoked by a shadow imp
             ... summoned by Eustachio
              (5 damage)
             ... on level 5 of the Dungeon.
             The game lasted 00:01:23 (4126 turns).

qw the Chopper (Gargoyle Fighter)                   Turns: 4126, Time: 00:01:24

Health: -3/43      AC: 12    Str: 22    XL:     7   Next: 21%
Magic:  7/7        EV:  9    Int:  8    God:    Okawaru [......]
Gold:   179        SH:  4    Dex:  9    Spells: 6/6 levels left

rFire   . . .      SeeInvis .   Y - +2 war axe
rCold   . . .      Faith    .   c - +0 buckler
rNeg    + . .      Spirit   .   b - +0 scale mail
rPois   inf        Reflect  .   (no helmet)
rElec   +          Harm     .   f - scarf {repulsion}
rCorr   .          Rampage  .   q - +0 pair of gloves
Will    .....                   (no boots)
Stlth   ..........              (no amulet)
HPRegen 0.14/turn               (no ring)
MPRegen 0.10/turn               (no ring)

@: about to teleport, repel missiles
A: sickness immunity, AC +4, negative energy resistance 1, electricity
resistance, torment resistance 1, petrification resistance
a: Renounce Religion


You were on level 5 of the Dungeon.
You worshipped Okawaru.
Okawaru was noncommittal.
You visited 1 branch of the dungeon, and saw 5 of its levels.

You collected 219 gold pieces.
You spent 40 gold pieces at shops.


Innate Abilities, Weirdness & Mutations

You are immune to sickness and miasma.
Your stone body is resilient. (AC +4)
You are immune to poison.
You resist negative energy. (rN+)
You are resistant to electric shocks. (rElec)
You are resistant to unholy torment.
You are immune to petrification.


   Skills:
 - Level 4.1 Fighting
 + Level 6.1 Axes
 - Level 1.0 Throwing
 - Level 3.2 Armour
 - Level 1.6 Dodging
 - Level 3.2 Shields


You had 6 spell levels left.
You didn't know any spells.
Your spell library was empty.

Inventory:

Hand Weapons
 e - a +0 morningstar
 Y - a +2 war axe (weapon)
Missiles
 n - 7 javelins (quivered)
 p - a boomerang
 r - 3 silver boomerangs
Armour
 b - a +0 scale mail (worn)
 c - a +0 buckler (worn)
 f - a scarf of repulsion (worn)
 q - a +0 pair of gloves (worn)
Scrolls
 h - 3 scrolls of identify
Potions
 d - 2 potions of might
 g - a potion of haste
 i - 2 potions of lignification
 j - a potion of curing
 k - a potion of mutation
 l - a potion of resistance

Dungeon Overview and Level Annotations

Branches:
Dungeon (5/15)
 Temple: D:4-7

Altars:
Fedhas
Okawaru
Sif Muna
Uskayaw
The Shining One

Shops:
D:1 *   D:2 (

Annotations:
D:5 Eustachio


Message History

The shadow imp barely misses you.
You slash the white imp!
You kill the white imp!
Okawaru accepts your kill.
You hit the iron imp. You slash the shadow imp!
You kill the shadow imp!
The shadow imp disappears in a puff of smoke!
Your Axes skill increases to level 6!
You slash the iron imp!
You kill the iron imp!
The iron imp disappears in a puff of smoke!
You block the hound's attack.
Eustachio casts a spell.
Eustachio blinks!
You closely miss the hound. The hound bites you.
The hound bites you but does no damage.
You slash the hound!
You kill the hound!
Okawaru accepts your kill.
Eustachio hits you with a +3 vorpal falchion.
You hit Eustachio but do no damage.
Eustachio hits you with a +3 vorpal falchion!
You hit Eustachio.
Eustachio is lightly wounded.
Eustachio casts a spell.
You hit Eustachio but do no damage.
Eustachio is lightly wounded.
You hit the iron imp. You closely miss the iron imp.
You closely miss the white imp. You barely miss the shadow imp.
The white imp disappears in a puff of smoke!
Eustachio hits you with a +3 vorpal falchion.
The shadow imp hits you but does no damage.
Eustachio hits you with a +3 vorpal falchion!
The iron imp hits you. You block the iron imp's attack.
4126 ||| READING scroll of teleportation.
As you read the scroll of teleportation, it crumbles to dust.
You feel strangely unstable. The shadow imp gestures at you.
Pain shoots through your body!
You die...

#.#
####.###########
...............#
###..........#.#
#.###.####.#.# #
#. #.# ##.#.## .#
#.
#.###.....##.##.#
#.
#........5.%....#
#.
#####...#@@#ยค...
#.
..5..####55.###
....## ##### ####


You could see Eustachio, 2 iron imps and a shadow imp (summoned).

Vanquished Creatures
  Duvessa (D:4)
  A necrophage (D:4)
  Dowan (D:4)
  3 hounds
  Jessica (D:2)
  An orc wizard (D:4)
  4 adders
  A white imp (D:5)
  An ufetubus (D:5)
  6 worms
  6 orcs
  4 endoplasms
  9 giant cockroaches
  8 goblins
  11 hobgoblins
  7 jackals
  8 kobolds
  3 quokkas
  12 ball pythons
  2 bats (D:1)
  6 frilled lizards
  8 rats
104 creatures vanquished.

Notes
Turn   | Place    | Note
-------+----------+-------------------------------------------
     0 | D:1      | qw the Gargoyle Fighter began the quest for the Orb.
     0 | D:1      | Reached XP level 1. HP: 14/14 MP: 1/1
     0 | D:1      | 0 ||| qw: Version: 0.1-a-119-g272c26d
     0 | D:1      | 0 ||| qw: Game counter: 11074
     0 | D:1      | 0 ||| qw: Always use a shield: true
     0 | D:1      | 0 ||| qw: God list: Okawaru
     0 | D:1      | 0 ||| qw: Allow faded altars: false
     0 | D:1      | 0 ||| qw: Do Orc after D:15 true
     0 | D:1      | 0 ||| qw: Do second Lair branch before Depths: true
     0 | D:1      | 0 ||| qw: Lair rune preference: random
     0 | D:1      | 0 ||| qw: Plans: Normal, Zot, God:TSO, Crypt, Tomb, Pan,
                  | Slime, Hells, Zig, Abyss, Orb
     0 | D:1      | 0 ||| PLANNING D:1-11
    34 | D:1      | Reached skill level 2 in Axes
   228 | D:1      | Reached XP level 2. HP: 19/19 MP: 2/2
   336 | D:1      | 336 ||| Stepping ~*~*~tactically~*~*~ (stealth).
   406 | D:1      | 406 ||| Stepping ~*~*~tactically~*~*~ (stealth).
   419 | D:1      | Reached skill level 3 in Axes
   468 | D:1      | Found Zitesh's Assorted Antiques.
   476 | D:1      | 476 ||| BUYING bubbling amethyst potion (20 gold).
   476 | D:1      | Bought a bubbling amethyst potion for 20 gold pieces
   476 | D:1      | 476 ||| BUYING ruby potion (20 gold).
   476 | D:1      | Bought a ruby potion for 20 gold pieces
   476 | D:1      | 476 ||| SHOPLISTING scroll labelled OMYNAM PUEL (23 gold,
                  | have 6).
   476 | D:1      | 476 ||| SHOPLISTING tower shield (103 gold, have 6).
   476 | D:1      | 476 ||| SHOPLISTING yellow potion (20 gold, have 6).
   490 | D:1      | Reached XP level 3. HP: 23/23 MP: 3/3
   890 | D:1      | 890 ||| READING scroll labelled OMYNAM PUEL.
   895 | D:1      | 895 ||| READING scroll labelled JOYVUZ KOIGE.
   896 | D:1      | 896 ||| READING scroll labelled QOVUTHRODEGH.
   897 | D:1      | 897 ||| DRINKING 2 bubbling amethyst potions.
   951 | D:2      | Found a faded altar of an unknown god.
   963 | D:2      | 963 ||| Stepping ~*~*~tactically~*~*~ (stealth).
   964 | D:2      | 964 ||| Stepping ~*~*~tactically~*~*~ (stealth).
   972 | D:2      | Reached skill level 1 in Throwing
  1324 | D:2      | Reached XP level 4. HP: 17/28 MP: 4/4
  1500 | D:2      | 1500 ||| Stepping ~*~*~tactically~*~*~ (stealth).
  1502 | D:2      | 1502 ||| Stepping ~*~*~tactically~*~*~ (stealth).
  1526 | D:2      | Found a glowing golden altar of the Shining One.
  1760 | D:2      | Noticed Jessica
  1761 | D:2      | 1761 ||| Stepping ~*~*~tactically~*~*~ (hiding).
  1768 | D:2      | Killed Jessica
  1769 | D:2      | Reached skill level 4 in Axes
  1816 | D:2      | Found Sekliu's Antique Weapon Boutique.
  1819 | D:2      | 1819 ||| SHOPLISTING runed whip (143 gold, have 63).
  2203 | D:2      | 2203 ||| UPGRADING to +0 pair of gloves.
  2208 | D:2      | 2208 ||| READING scroll labelled EBIONI EHUSHIRHECW.
  2309 | D:2      | 2309 ||| READING scroll labelled VIESYH BUHUSCH.
  2310 | D:2      | 2310 ||| READING scroll labelled BEYLEV LORPHOU.
  2311 | D:2      | 2311 ||| READING scroll labelled AREOWON DOJU.
  2312 | D:2      | 2312 ||| READING 3 scrolls of identify.
  2312 | D:2      | 2312 ||| IDENTIFYING purple potion
  2313 | D:2      | 2313 ||| READING 2 scrolls of identify.
  2313 | D:2      | 2313 ||| IDENTIFYING clear potion
  2314 | D:2      | 2314 ||| DROPPING potion of magic.
  2473 | D:3      | 2473 ||| Stepping ~*~*~tactically~*~*~ (stealth).
  2509 | D:3      | 2509 ||| Stepping ~*~*~tactically~*~*~ (stealth).
  2523 | D:3      | Reached XP level 5. HP: 23/32 MP: 5/5
  3005 | D:3      | 3005 ||| DROPPING +0 whip.
  3050 | D:3      | 3050 ||| UPGRADING to scarf of repulsion.
  3055 | D:3      | 3055 ||| READING scroll labelled QUABUO RIUNIE.
  3056 | D:3      | 3056 ||| DRINKING 2 viscous ruby potions.
  3057 | D:3      | 3057 ||| READING 2 scrolls of identify.
  3057 | D:3      | 3057 ||| IDENTIFYING lumpy emerald potion
  3058 | D:3      | 3058 ||| DROPPING potion of flight.
  3086 | D:4      | Found a blossoming altar of Fedhas.
  3127 | D:4      | 3127 ||| Stepping ~*~*~tactically~*~*~ (stealth).
  3129 | D:4      | 3129 ||| Stepping ~*~*~tactically~*~*~ (hiding).
  3130 | D:4      | 3130 ||| Stepping ~*~*~tactically~*~*~ (hiding).
  3167 | D:4      | Found a shimmering blue altar of Sif Muna.
  3174 | D:4      | Noticed Dowan
  3175 | D:4      | Noticed Duvessa
  3181 | D:4      | HP: 6/32 [Duvessa/+0 short sword (5)]
  3182 | D:4      | 3182 ||| READING scroll of teleportation.
  3183 | D:4      | HP: 2/32 [Duvessa/+0 short sword (4)]
  3185 | D:4      | Killed Duvessa
  3185 | D:4      | Found a hide-covered altar of Uskayaw.
  3186 | D:4      | Reached skill level 5 in Axes
  3186 | D:4      | Reached XP level 6. HP: 3/37 MP: 6/6
  3205 | D:4      | 3205 ||| Stepping ~*~*~tactically~*~*~ (stealth).
  3206 | D:4      | 3206 ||| Stepping ~*~*~tactically~*~*~ (stealth).
  3324 | D:4      | HP: 7/38 [Dowan/+0 dagger (5)]
  3335 | D:4      | HP: 6/38 [Dowan/+0 dagger (1)]
  3338 | D:4      | Killed Dowan
  3339 | D:4      | Reached skill level 1 in Dodging
  3816 | D:4      | Found an iron altar of Okawaru.
  3866 | D:4      | 3866 ||| READING 2 scrolls labelled ZYHUOCL IXKEU.
  3867 | D:4      | 3867 ||| READING scroll of enchant weapon.
  3867 | D:4      | 3867 ||| ENCHANTING +1 war axe.
  3868 | D:4      | 3868 ||| DRINKING 2 yellow potions.
  3869 | D:4      | 3869 ||| READING 5 scrolls of identify.
  3869 | D:4      | 3869 ||| IDENTIFYING ruby potion
  3870 | D:4      | 3870 ||| READING 4 scrolls of identify.
  3870 | D:4      | 3870 ||| IDENTIFYING gluggy clear potion
  3871 | D:4      | 3871 ||| READING 3 scrolls of identify.
  3871 | D:4      | 3871 ||| IDENTIFYING smoky black potion
  3872 | D:4      | 3872 ||| DROPPING potion of invisibility.
  3873 | D:4      | 3873 ||| DROPPING potion of ambrosia.
  3909 | D:4      | Became a worshipper of Warmaster Okawaru
  3937 | D:5      | Entered Level 5 of the Dungeon
  3938 | D:5      | 3938 ||| PLANNING SEWER
  3962 | D:5      | Reached XP level 7. HP: 42/43 MP: 7/7
  3971 | D:5      | 3971 ||| Stepping ~*~*~tactically~*~*~ (stealth).
  3972 | D:5      | 3972 ||| Stepping ~*~*~tactically~*~*~ (stealth).
  3995 | D:5      | 3995 ||| Stepping ~*~*~tactically~*~*~ (stealth).
  4020 | D:5      | 4020 ||| DROPPING +0 flail.
  4111 | D:5      | Noticed Eustachio
  4112 | D:5      | 4112 ||| Stepping ~*~*~tactically~*~*~ (hiding).
  4120 | D:5      | Reached skill level 6 in Axes
  4125 | D:5      | HP: 5/43 [Eustachio/+3 vorpal falchion (10)]
  4125 | D:5      | HP: 2/43 [iron imp[Eustachio] (2)]
  4126 | D:5      | 4126 ||| READING scroll of teleportation.
  4126 | D:5      | Killed from afar by a shadow imp

Levels and vault maps discovered:
D:1:      mrwooster_arrival_statue_2, layout_basic, serial_shops,
          nicolae_square_shop
D:2:      wad_crossroads, layout_basic, basic_altar, serial_shops,
          nicolae_shop_behind_doors, nicolae_ecumenical_pavilion, uniq_jessica
D:3:      layout_rooms, minmay_fractal_squares_gapless_5
D:4:      layout_rooms, mainiacjoe_overflow_tiny_flanked,
          mainiacjoe_overflow_24_doors, mainiacjoe_overflow_catch_the_wave,
          uniq_duvessa
D:5:      black_bear_nest_1, layout_loops_ring, kennysheep_slug_shrine,
          temple_green, gup_sewer_entry_bubbles, uniq_eustachio

Skill      XL: |  1  2  3  4  5  6  7 |
---------------+----------------------+-----
Axes           | 2 3 4 5 6 |  6.1
Throwing       | 1 |  1.0
Fighting       | 4 |  4.1
Dodging        | 1 |  1.6
Armour         | |  3.2
Shields        | |  3.2

Action                   |  1- 3 |  4- 6 |  7- 9 || total
-------------------------+-------+-------+-------++-------
Melee: War axe           |    94 |   120 |    19 ||   233
Throw: Javelin           |    23 |    41 |     4 ||    68
       Boomerang         |       |     1 |       ||     1
  Use: Scroll            |     3 |    14 |     1 ||    18
       Potion            |     1 |     2 |       ||     3
Armor: Scale mail        |    42 |    67 |    10 ||   119
Dodge: Dodged            |    47 |    50 |     3 ||   100
Block: Buckler           |     7 |    21 |     5 ||    33

Table legend:
 A = Non-vault XP
 B = Vault XP
 C = Vault XP percentage of total XP
 D = Non-vault monster count
 E = Vault monster count
 F = Vault count percentage of total count
                 A         B        C        D         E       F
            +---------+---------+-------+---------+---------+-------
      Total |     476 |     267 |  35.9 |      91 |      13 |  12.5
            +---------+---------+-------+---------+---------+-------
        D:1 |      40 |       0 |   0.0 |      25 |       0 |   0.0
        D:2 |      54 |      44 |  44.9 |      26 |       5 |  16.1
        D:3 |      54 |      11 |  16.9 |      20 |       6 |  23.1
        D:4 |     197 |     212 |  51.8 |      13 |       2 |  13.3
        D:5 |     131 |       0 |   0.0 |       7 |       0 |   0.0
            +---------+---------+-------+---------+---------+-------
